TOP OF THE 1ST |
Houston (WIN) Astros batting - Pitching for Cleveland (WIN) Indians : RHP Joe Zeiset
|
Pitching: RHP Joe Zeiset
|
|
Batting: RHB Edgar Trejo
|
0-0: Bunt for hit to 2R - play at first, batter safe!
|
Batting: RHB Danny Merrill
|
0-0: Ball 1-0: Foul Ball, location: 2F 1-1: SINGLE (Groundball, 4MD, EV 100.6 MPH) Edgar Trejo to second
|
Batting: SHB Paskar Adegoke
|
0-0: Ball 1-0: Ball 2-0: Ground out 4-3 (Groundball, 34D, EV 106.2 MPH) Edgar Trejo to third Danny Merrill to second
|
Batting: RHB Elijah Hunter
|
0-0: Ball 1-0: Called Strike 1-1: Ball 2-1: Foul Ball, location: 2F 2-2: Strikes out swinging
|
Batting: LHB Josh Birkner
|
0-0: Ball 1-0: Called Strike 1-1: Foul Ball, location: 2F 1-2: Strikes out looking
|
Top of the 1st over - 0 runs, 2 hits, 0 errors, 2 left on base; Houston (WIN) 0 - Cleveland (WIN) 0 |
BOTTOM OF THE 1ST |
Cleveland (WIN) Indians batting - Pitching for Houston (WIN) Astros : RHP Mike Chisolm
|
Pitching: RHP Mike Chisolm
|
|
Batting: LHB John Harring
|
0-0: Foul Ball, location: 2F 0-1: Ball 1-1: Fly out, F6 (Popup, 6, EV 59.4 MPH)
|
Batting: RHB Christian Blue
|
0-0: Called Strike 0-1: Foul Ball, location: 2F 0-2: Ball 1-2: Strikes out swinging
|
Batting: LHB Brent Albertson
|
0-0: Ball 1-0: Called Strike 1-1: SINGLE (Flyball, 8LS, EV 94.4 MPH)
|
Batting: LHB Costodio Varino
|
0-0: Called Strike 0-1: Ball 1-1: Ball Brent Albertson is caught stealing 2nd base 2-6
|
Bottom of the 1st over - 0 runs, 1 hit, 0 errors, 0 left on base; Houston (WIN) 0 - Cleveland (WIN) 0 |
TOP OF THE 2ND |
Houston (WIN) Astros batting - Pitching for Cleveland (WIN) Indians : RHP Joe Zeiset
|
Batting: RHB Sam Spohn
|
0-0: Called Strike 0-1: Foul Ball, location: 2F 0-2: Strikes out swinging
|
Batting: LHB Bob Dietz
|
0-0: Ball 1-0: SINGLE (Flyball, 78S, EV 94.4 MPH)
|
Batting: RHB Juan Mendoza
|
0-0: Ball 1-0: SINGLE (Flyball, 5D, EV 91.2 MPH) Bob Dietz to second
|
Batting: RHB Sean Mounts
|
0-0: Called Strike 0-1: Swinging Strike 0-2: Foul Ball, location: 2F 0-2: SINGLE (Groundball, 6MD, EV 107.5 MPH) Bob Dietz to third Juan Mendoza to second Runner from 3rd tries for Home, SAFE, throw by CF to home
|
Batting: RHB Edgar Trejo
|
0-0: Fly out, F8 (Flyball, 8LD, EV 104.4 MPH) Runner from 2nd tags up, SAFE at 3rd with throw by CF
|
Batting: RHB Danny Merrill
|
0-0: Called Strike 0-1: Ball 1-1: Swinging Strike 1-2: Strikes out swinging
|
Top of the 2nd over - 1 run, 3 hits, 0 errors, 2 left on base; Houston (WIN) 1 - Cleveland (WIN) 0 |
BOTTOM OF THE 2ND |
Cleveland (WIN) Indians batting - Pitching for Houston (WIN) Astros : RHP Mike Chisolm
|
Batting: LHB Costodio Varino
|
0-0: Ball 1-0: Foul Ball, location: 2F 1-1: Ball 2-1: Fly out, F7 (Flyball, 78M, EV 88.8 MPH)
|
Batting: RHB Carlos Abrego
|
0-0: Ball 1-0: Swinging Strike 1-1: SINGLE (Line Drive, 78S, EV 92.5 MPH)
|
Batting: RHB Sergio Zamora
|
0-0: Ball 1-0: Called Strike 1-1: Foul Ball, location: 2F 1-2: Fly out, F7 (Flyball, 78S, EV 80.6 MPH)
|
Batting: RHB Knud Prins
|
0-0: Ball 1-0: Foul Ball, location: 2F 1-1: Foul Ball, location: 2F 1-2: Ball Wild Pitch! Carlos Abrego to second 2-2: Foul Ball, location: 2F 2-2: Strikes out swinging
|
Bottom of the 2nd over - 0 runs, 1 hit, 0 errors, 1 left on base; Houston (WIN) 1 - Cleveland (WIN) 0 |
TOP OF THE 3RD |
Houston (WIN) Astros batting - Pitching for Cleveland (WIN) Indians : RHP Joe Zeiset
|
Batting: SHB Paskar Adegoke
|
0-0: Called Strike 0-1: Swinging Strike 0-2: Foul Ball, location: 2F 0-2: Ball 1-2: Ball 2-2: Fly out, F7 (Line Drive, 7, EV 91.9 MPH)
|
Batting: RHB Elijah Hunter
|
0-0: Ball 1-0: SINGLE (Flyball, 8LS, EV 88.8 MPH)
|
Batting: LHB Josh Birkner
|
0-0: Called Strike 0-1: Foul Ball, location: 2F 0-2: Ball 1-2: Fly out, F7 (Line Drive, 78M, EV 85.6 MPH)
|
Batting: RHB Sam Spohn
|
0-0: Swinging Strike 0-1: Swinging Strike 0-2: Ball 1-2: Fielders Choice at 2nd, 6-4 (Groundball, 6, EV 84.4 MPH)
|
Top of the 3rd over - 0 runs, 1 hit, 0 errors, 1 left on base; Houston (WIN) 1 - Cleveland (WIN) 0 |
BOTTOM OF THE 3RD |
Cleveland (WIN) Indians batting - Pitching for Houston (WIN) Astros : RHP Mike Chisolm
|
Batting: LHB Yasuo Igarashi
|
0-0: Ball 1-0: Ball 2-0: Ball 3-0: Called Strike 3-1: Foul Ball, location: 2F 3-2: Fly out, F4 (Line Drive, 4, EV 65.6 MPH)
|
Batting: RHB Vij Ramamani
|
0-0: Ball 1-0: Swinging Strike 1-1: Ball 2-1: Foul Ball, location: 2F 2-2: Strikes out swinging
|
Batting: LHB John Harring
|
0-0: SINGLE (Groundball, 4MD, EV 107.5 MPH)
|
Batting: RHB Christian Blue
|
0-0: Ball John Harring steals 2nd base 1-0: Ground out 4-3 (Groundball, 4, EV 91.2 MPH)
|
Bottom of the 3rd over - 0 runs, 1 hit, 0 errors, 1 left on base; Houston (WIN) 1 - Cleveland (WIN) 0 |
TOP OF THE 4TH |
Houston (WIN) Astros batting - Pitching for Cleveland (WIN) Indians : RHP Joe Zeiset
|
Batting: LHB Bob Dietz
|
0-0: Swinging Strike 0-1: Foul Ball, location: 2F 0-2: Strikes out swinging
|
Batting: RHB Juan Mendoza
|
0-0: Fly out, F8 (Flyball, 8RM, EV 85.6 MPH)
|
Batting: RHB Sean Mounts
|
0-0: Called Strike 0-1: Ground out 5-3 (Groundball, 5L, EV 79.4 MPH)
|
Top of the 4th over - 0 runs, 0 hits, 0 errors, 0 left on base; Houston (WIN) 1 - Cleveland (WIN) 0 |
BOTTOM OF THE 4TH |
Cleveland (WIN) Indians batting - Pitching for Houston (WIN) Astros : RHP Mike Chisolm
|
Batting: LHB Brent Albertson
|
0-0: Ball 1-0: Ball 2-0: Ball 3-0: Base on Balls
|
Batting: LHB Costodio Varino
|
0-0: Ball 1-0: Called Strike 1-1: Ball 2-1: Swinging Strike 2-2: Foul Ball, location: 2F 2-2: Strikes out swinging
|
Batting: RHB Carlos Abrego
|
0-0: Called Strike 0-1: Ball 1-1: Foul Ball, location: 2F 1-2: Foul Ball, location: 2F 1-2: Fly out, F9 (Flyball, 9, EV 95.6 MPH)
|
Batting: RHB Sergio Zamora
|
0-0: Ball 1-0: Called Strike Brent Albertson is caught stealing 2nd base 2-4
|
Bottom of the 4th over - 0 runs, 0 hits, 0 errors, 0 left on base; Houston (WIN) 1 - Cleveland (WIN) 0 |
TOP OF THE 5TH |
Houston (WIN) Astros batting - Pitching for Cleveland (WIN) Indians : RHP Joe Zeiset
|
Batting: RHB Edgar Trejo
|
0-0: SINGLE (Flyball, 78M, EV 88.8 MPH)
|
Batting: RHB Danny Merrill
|
0-0: Ball 1-0: Called Strike 1-1: Called Strike Edgar Trejo is caught stealing 2nd base 2-4 1-2: Foul Ball, location: 2F 1-2: Ball 2-2: Ball 3-2: Foul Ball, location: 2F 3-2: SINGLE (Line Drive, 7S, EV 98.1 MPH)
|
Batting: SHB Paskar Adegoke
|
0-0: Ball 1-0: Fly out, F2 (Popup, 15S, EV 83.8 MPH)
|
Batting: RHB Elijah Hunter
|
0-0: Ball 1-0: Foul Ball, location: 2F 1-1: Called Strike Danny Merrill steals 2nd base (no throw) 1-2: Foul Ball, location: 2F 1-2: Ball 2-2: Foul Ball, location: 2F 2-2: 2-RUN HOME RUN (Flyball, 78XD, EV 108.8 MPH), Distance : 406 ft
|
Batting: LHB Josh Birkner
|
0-0: Swinging Strike 0-1: Called Strike 0-2: Ball 1-2: Strikes out swinging, 2-3 out at first.
|
Top of the 5th over - 2 runs, 3 hits, 0 errors, 0 left on base; Houston (WIN) 3 - Cleveland (WIN) 0 |
BOTTOM OF THE 5TH |
Cleveland (WIN) Indians batting - Pitching for Houston (WIN) Astros : RHP Mike Chisolm
|
Batting: RHB Sergio Zamora
|
0-0: Ball 1-0: Ball 2-0: Ball 3-0: Called Strike 3-1: Ground out U3 (Groundball, 34, EV 103.8 MPH)
|
Batting: RHB Knud Prins
|
0-0: Called Strike 0-1: Fly out, F7 (Flyball, 7LM, EV 90.0 MPH)
|
Batting: LHB Yasuo Igarashi
|
0-0: Ball 1-0: Ground out U3 (Groundball, 3L, EV 78.8 MPH)
|
Bottom of the 5th over - 0 runs, 0 hits, 0 errors, 0 left on base; Houston (WIN) 3 - Cleveland (WIN) 0 |
TOP OF THE 6TH |
Houston (WIN) Astros batting - Pitching for Cleveland (WIN) Indians : RHP Joe Zeiset
|
Batting: RHB Sam Spohn
|
0-0: Foul Ball, location: 2F 0-1: Ball 1-1: Ball 2-1: Ball 3-1: Swinging Strike 3-2: SINGLE (Flyball, 89S, EV 93.8 MPH)
|
Batting: LHB Bob Dietz
|
0-0: Ball 1-0: 2-RUN HOME RUN (Flyball, 7LD, EV 90.0 MPH), Distance : 328 ft
|
Batting: RHB Juan Mendoza
|
0-0: Called Strike 0-1: Ground out 5-3 (Groundball, 5L, EV 76.2 MPH)
|
Batting: RHB Sean Mounts
|
0-0: Ball 1-0: Swinging Strike 1-1: SINGLE (Flyball, 3D, EV 93.1 MPH)
|
Batting: RHB Edgar Trejo
|
0-0: Swinging Strike 0-1: Ball 1-1: Foul Ball, location: 2F 1-2: Foul Ball, location: 2F 1-2: Strikes out swinging
|
Batting: RHB Danny Merrill
|
0-0: Ball Sean Mounts is caught stealing 2nd base 2-4
|
Top of the 6th over - 2 runs, 3 hits, 0 errors, 0 left on base; Houston (WIN) 5 - Cleveland (WIN) 0 |
BOTTOM OF THE 6TH |
Cleveland (WIN) Indians batting - Pitching for Houston (WIN) Astros : RHP Mike Chisolm
|
Batting: RHB Vij Ramamani
|
0-0: Swinging Strike 0-1: Ball 1-1: Foul Ball, location: 2F 1-2: Strikes out swinging
|
Batting: LHB John Harring
|
0-0: Foul Ball, location: 2F 0-1: Foul Ball, location: 2F 0-2: Ball 1-2: Ball 2-2: Strikes out swinging
|
Batting: RHB Christian Blue
|
0-0: Ball 1-0: Ball 2-0: Called Strike 2-1: Fly out, F4 (Popup, 4, EV 62.5 MPH)
|
Bottom of the 6th over - 0 runs, 0 hits, 0 errors, 0 left on base; Houston (WIN) 5 - Cleveland (WIN) 0 |
TOP OF THE 7TH |
Houston (WIN) Astros batting - Pitching for Cleveland (WIN) Indians : RHP Joe Zeiset
|
Batting: RHB Danny Merrill
|
0-0: Ball 1-0: Ball 2-0: Called Strike 2-1: Swinging Strike 2-2: SINGLE (Groundball, 4D, EV 98.8 MPH)
|
Batting: SHB Paskar Adegoke
|
0-0: Ball 1-0: Swinging Strike 1-1: Swinging Strike 1-2: Strikes out swinging
|
Batting: RHB Elijah Hunter
|
0-0: Ball 1-0: Called Strike 1-1: Fly out, F7 (Flyball, 7D, EV 107.5 MPH)
|
Batting: LHB Josh Birkner
|
0-0: Swinging Strike 0-1: Ball 1-1: Ball 2-1: Called Strike 2-2: Strikes out swinging
|
Top of the 7th over - 0 runs, 1 hit, 0 errors, 1 left on base; Houston (WIN) 5 - Cleveland (WIN) 0 |
BOTTOM OF THE 7TH |
Cleveland (WIN) Indians batting - Pitching for Houston (WIN) Astros : RHP Mike Chisolm
|
Batting: LHB Brent Albertson
|
0-0: Ball 1-0: Ball 2-0: Ball 3-0: Called Strike 3-1: Called Strike 3-2: Foul Ball, location: 2F 3-2: Strikes out swinging
|
Batting: LHB Costodio Varino
|
0-0: Called Strike 0-1: Called Strike 0-2: Strikes out swinging
|
Batting: RHB Carlos Abrego
|
0-0: Called Strike 0-1: SOLO HOME RUN (Line Drive, 78XD, EV 116.2 MPH), Distance : 455 ft
|
Batting: RHB Sergio Zamora
|
0-0: Swinging Strike 0-1: Ball 1-1: Foul Ball, location: 2F 1-2: Ball 2-2: Fly out, F9 (Flyball, 9S, EV 89.4 MPH)
|
Bottom of the 7th over - 1 run, 1 hit, 0 errors, 0 left on base; Houston (WIN) 5 - Cleveland (WIN) 1 |
TOP OF THE 8TH |
Houston (WIN) Astros batting - Pitching for Cleveland (WIN) Indians : RHP Joe Zeiset
|
Batting: RHB Sam Spohn
|
0-0: Called Strike 0-1: Ball 1-1: SINGLE (Groundball, 6D, EV 99.4 MPH)
|
Batting: LHB Bob Dietz
|
0-0: Foul Ball, location: 2F 0-1: Ball 1-1: Fly out, F9 (Line Drive, 9LM, EV 88.8 MPH)
|
Batting: RHB Juan Mendoza
|
0-0: Ball 1-0: Ball 2-0: Grounds into double play, 6-4-3 (Groundball, 6, EV 76.9 MPH)
|
Top of the 8th over - 0 runs, 1 hit, 0 errors, 0 left on base; Houston (WIN) 5 - Cleveland (WIN) 1 |
BOTTOM OF THE 8TH |
Cleveland (WIN) Indians batting - Pitching for Houston (WIN) Astros : RHP Mike Chisolm
|
Pitching: RHP Michael Bruce
|
|
Batting: RHB Knud Prins
|
0-0: Called Strike 0-1: Ball 1-1: Called Strike 1-2: Foul Ball, location: 2F 1-2: Ball 2-2: SINGLE (Line Drive, 6, EV 99.4 MPH)
|
Batting: LHB Yasuo Igarashi
|
0-0: Called Strike 0-1: Called Strike 0-2: Ball 1-2: Ground out 6-3 (Groundball, 56D, EV 107.5 MPH) Knud Prins to second
|
Batting: RHB Vij Ramamani
|
0-0: Called Strike 0-1: Ground out U3 (Groundball, 3, EV 81.2 MPH) Knud Prins to third
|
Batting: LHB John Harring
|
0-0: Called Strike 0-1: Ball 1-1: Ball 2-1: Foul Ball, location: 2F 2-2: Fly out, F7 (Flyball, 78S, EV 86.2 MPH)
|
Bottom of the 8th over - 0 runs, 1 hit, 0 errors, 1 left on base; Houston (WIN) 5 - Cleveland (WIN) 1 |
TOP OF THE 9TH |
Houston (WIN) Astros batting - Pitching for Cleveland (WIN) Indians : RHP Joe Zeiset
|
Batting: RHB Sean Mounts
|
0-0: Called Strike 0-1: Ball 1-1: Ball 2-1: Foul Ball, location: 2F 2-2: Ball 3-2: Base on Balls
|
Pitching: RHP Eduardo Garcia
|
|
Batting: RHB Edgar Trejo
|
0-0: Bunt missed! 0-1: Sac Bunt to 2L - play at first, batter OUT! 2-3 Sean Mounts to second
|
Batting: RHB Danny Merrill
|
0-0: Called Strike Sean Mounts steals 3rd base 0-1: Ball 1-1: Foul Ball, location: 2F 1-2: Ground out 1-3 (Groundball, 15S, EV 68.8 MPH)
|
Batting: SHB Paskar Adegoke
|
0-0: Ball 1-0: Called Strike 1-1: Ball Wild Pitch! Sean Mounts scores 2-1: SINGLE (Groundball, 6MD, EV 110.0 MPH)
|
Batting: RHB Elijah Hunter
|
0-0: Ball 1-0: Ball 2-0: Swinging Strike 2-1: Swinging Strike 2-2: Ball 3-2: DOUBLE (Line Drive, 5D, EV 98.8 MPH) Paskar Adegoke to third Paskar Adegoke scores
|
Batting: LHB Josh Birkner
|
0-0: Swinging Strike 0-1: Fly out, F8 (Flyball, 78D, EV 90.0 MPH)
|
Top of the 9th over - 2 runs, 2 hits, 0 errors, 1 left on base; Houston (WIN) 7 - Cleveland (WIN) 1 |
BOTTOM OF THE 9TH |
Cleveland (WIN) Indians batting - Pitching for Houston (WIN) Astros : RHP Michael Bruce
|
Batting: RHB Christian Blue
|
0-0: Swinging Strike 0-1: Called Strike 0-2: Ball 1-2: Strikes out swinging
|
Batting: LHB Brent Albertson
|
0-0: Called Strike 0-1: Fly out, F8 (Flyball, 8LD, EV 105.6 MPH)
|
Batting: LHB Costodio Varino
|
0-0: Ball 1-0: Fly out, F2 (Popup, 23F, EV 90.6 MPH)
|
Bottom of the 9th over - 0 runs, 0 hits, 0 errors, 0 left on base; Houston (WIN) 7 - Cleveland (WIN) 1 |
|